 Dungeon Crawl Stone Soup version 0.30-a0-190-g22c9a3c0ff (webtiles) character file.

Game seed: 13370867346160078976

114 Morbidden the Sneak (level 5, -2/39 HPs)
             Began as a Formicid Brigand on Oct 4, 2022.
             Slain by an orc
             ... wielding a +0 war axe
              (6 damage)
             ... on level 4 of the Dungeon.
             The game lasted 00:03:11 (2808 turns).

Morbidden the Sneak (Formicid Brigand)              Turns: 2808, Time: 00:03:12

Health: -2/39      AC:  3    Str: 15    XL:     5   Next: 18%
Magic:  5/5        EV: 12    Int: 11    God:
Gold:   141        SH:  0    Dex: 17    Spells: 4/4 levels left

rFire   + . .      SeeInvis +    a - +2 dagger
rCold   . . .      Faith    .    (no shield)
rNeg    . . .      Spirit   .    b - +0 robe
rPois   .          Reflect  .    (helmet unavailable)
rElec   .          Harm     .    c - +0 cloak
rCorr   .          Rampage  .    (no gloves)
Will    .....                    (no boots)
Stlth   +++.......               (no amulet)
HPRegen 0.26/turn                p - ring of protection from fire
MPRegen 0.09/turn                (no ring)

@: no status effects
A: permanent stasis, dig shafts and tunnels, antennae 3, four strong arms
a: Dig, Shaft Self


You were on level 4 of the Dungeon.
You visited 1 branch of the dungeon, and saw 4 of its levels.

You collected 141 gold pieces.

Inventory:

Hand Weapons
 a - a +2 dagger (weapon)
 g - a +1 dagger of holy wrath
Missiles
 d - 14 poisoned darts (quivered)
 e - 3 curare-tipped darts
Armour
 b - a +0 robe (worn)
 c - a +0 cloak (worn)
Jewellery
 p - a ring of protection from fire (left hand)
Wands
 s - a wand of acid (8)
Scrolls
 h - 2 scrolls of magic mapping {unknown}
 i - 2 scrolls of noise {unknown}
 j - a scroll of torment {unknown}
 k - a scroll of enchant weapon {unknown}
 m - 4 scrolls of identify {unknown}
 n - a scroll of immolation {unknown}
 o - a scroll of teleportation {unknown}
Potions
 f - 6 potions of heal wounds {unknown}
 l - 3 potions of curing {unknown}
 q - a potion of flight {unknown}
 r - a potion of might {unknown}


   Skills:
 * Level 2.7 Fighting
 * Level 3.1(3.2) Short Blades
 * Level 0.7(2.1) Long Blades
 + Level 2.1 Throwing
 * Level 1.1 Armour
 * Level 1.3 Dodging
 + Level 5.9 Stealth


You had 4 spell levels left.
You didn't know any spells.
Your spell library contained the following spells:

 Spells                   Type           Power      Damage    Failure   Level
 Ignite Poison            Fire/Tmut/Pois 0%         N/A       71%         3
 Kindle Blastsparks       Fire/Tloc/Air  0%         2d10      71%         3
 Mephitic Cloud           Conj/Pois/Air  0%         N/A       71%         3
 Portal Projectile        Hex/Tloc       0%         N/A       71%         3
 Tukima's Dance           Hex            0%         N/A       71%         3
 Blade Hands              Tmut           0%         N/A       100%        5
 Freezing Cloud           Conj/Ice/Air   0%         6-21      100%        5


Dungeon Overview and Level Annotations

Branches:
Dungeon (4/15)
 Temple: D:4-7

Altars:
Kikubaaqudgha

Annotations:
D:3 Robin


Innate Abilities, Weirdness & Mutations

You cannot be hasted, slowed, berserked, paralysed or teleported.
You can dig through walls and to a lower floor.
You have a pair of large antennae on your head. (SInv)
Your four strong arms can wield two-handed weapons with a shield.


Message History

* * * LOW HITPOINT WARNING * * *
The goblin no longer looks unusually strong.
The goblin no longer looks unusually strong. x2
The goblin attacks as you move away! The goblin hits you but does no damage.
The goblin no longer looks unusually strong.
The goblin no longer looks unusually strong. x2
The hobgoblin no longer looks unusually strong.
Found a stone staircase leading down.
The goblin attacks as you move away! The goblin hits you with a +0 club.
* * * LOW HITPOINT WARNING * * *
The goblin attacks as you move away! The goblin closely misses you.
Found a runed orb.
There is a stone staircase leading down here.
The goblin barely misses you.
You climb downwards.
The orc shouts! x2
Found a scroll labelled SUCVYOZAEHO.
There is a stone staircase leading up here.
Unknown command.
Aiming: Corrosive Bolt
Press: ? - help, Shift-Dir - straight line, f - orc
Aim: an orc, wielding a +0 whip (71% to hit)
The bolt of acid hits the orc.
The acid corrodes the orc!
The orc is heavily wounded.
The bolt of acid hits the orc!
You kill the orc!
The goblin hits you with a +0 club.
* * * LOW HITPOINT WARNING * * *
Unknown command.
Unknown command.
Unknown command.
You hit the orc.
The orc is almost dead.
The goblin barely misses you.
Unknown command.
Unknown command.
You barely miss the orc.
The orc is almost dead.
The orc hits you with a +0 war axe.
You die...

............
...........
#.....o...#
#...?...).#
#.........#
#.........#
#......o..#
#......@g.#
###########


You could see 2 orcs and a goblin.

Vanquished Creatures
  4 adders
  4 worms
  2 orcs
  7 ball pythons
  5 endoplasms
  7 goblins
  8 hobgoblins
  2 jackals (D:1)
  6 kobolds
  2 quokkas
  6 bats
  6 frilled lizards
  3 rats
62 creatures vanquished.

Vanquished Creatures (others)
  3 fungi (D:1)
3 creatures vanquished.

Grand Total: 65 creatures vanquished

Notes
Turn   | Place    | Note
-------+----------+-------------------------------------------
     0 | D:1      | Morbidden the Formicid Brigand began the quest for the Orb.
     0 | D:1      | Reached XP level 1. HP: 16/16 MP: 1/1
    10 | D:1      | Reached skill level 5 in Stealth
   358 | D:1      | Reached XP level 2. HP: 21/22 MP: 2/2
   406 | D:1      | Found a faded altar of an unknown god.
   923 | D:1      | Reached skill level 1 in Dodging
  1171 | D:2      | Reached XP level 3. HP: 27/27 MP: 3/3
  1393 | D:2      | Reached XP level 4. HP: 25/34 MP: 4/4
  2491 | D:3      | Found an ancient bone altar of Kikubaaqudgha.
  2602 | D:3      | Reached XP level 5. HP: 31/39 MP: 5/5
  2703 | D:3      | Reached skill level 1 in Armour
  2761 | D:3      | Noticed Robin
  2808 | D:4      | Slain by an orc

Illustrated notes

Levels and vault maps discovered:
D:1:      dpeg_arrival_morbid_curiosity, layout_basic, serial_rivers,
          chequers_serial_rivers_small_b, chequers_serial_rivers_room_a,
          chequers_serial_rivers_micro_a, chequers_serial_rivers_marsh,
          shapermc_ecumenical_altar_mp_urbaneastern, hangedman_glass_teeth
D:2:      minmay_door_path, layout_basic, nicolae_eternal_life
D:3:      minmay_roachtagon, layout_basic, lemuel_crystal_altar, minivault_25,
          uniq_robin
D:4:      layout_basic, gammafunk_temple_overflow_pools, serial_curves,
          eino_curves_02, eino_curves_04, uniq_edmund

Skill      XL: |  1  2  3  4  5 |
---------------+----------------+-----
Stealth        | 5 |  5.9
Dodging        | 1 |  1.3
Short Blades   | 3 |  3.1
Armour         | 1 |  1.1
Fighting       | |  2.7
Long Blades    | |  0.7
Throwing       | |  2.1

Action                   |  1- 3 |  4- 6 || total
-------------------------+-------+-------++-------
Melee: Dagger            |    82 |   119 ||   201
Throw: Dart              |     9 |     7 ||    16
Evoke: Wand              |       |     1 ||     1
 Stab: Sleeping          |     6 |    13 ||    19
Armor: Robe              |    13 |    20 ||    33
Dodge: Dodged            |    33 |    72 ||   105

Table legend: (Time is in decaauts)
 A = Elapsed time spent in this place.
 B = Non-inter-level travel time spent in this place.
 C = Inter-level travel time spent in this place.
 D = Time resting spent in this place.
 E = Time spent auto-exploring this place.
 F = Levels seen in this place.
 G = Mean time per level.
                   A        B        C        D        E       F      G
               +--------+--------+--------+--------+--------+-----+--------+
         Total |   2782 |   2701 |     81 |      0 |   2134 |   4 |  695.5 |
       Dungeon |   2782 |   2701 |     81 |      0 |   2134 |   4 |  695.5 |
               +--------+--------+--------+--------+--------+-----+--------+

Top non-repeatable levels by time:
     D:1: 1083 daAuts
     D:2: 972 daAuts
     D:3: 724 daAuts
     D:4: 2 daAuts
